 Dungeon Crawl Stone Soup version 0.18-a0-1562-gac8da35 (webtiles) character file.

7441 PierrePorte the Markscentaur (level 10, 12/77 (78) HPs)
             Began as a Centaur Arcane Marksman on Mar 4, 2016.
             Was a High Priest of Okawaru.
             Quit the game on level 1 of the Lair of Beasts on Mar 13, 2016.
             The game lasted 01:34:05 (14557 turns).

PierrePorte the Markscentaur (CeAM)                Turns: 14557, Time: 01:34:06

HP:   12/77 (78)    AC:  8    Str: 15    XL:     10   Next: 93%
MP:   11/11         EV:  9    Int: 19    God:    Okawaru [*****.]
Gold: 466           SH:  0    Dex: 11    Spells: 2 memorised, 8 levels left

rFire  + . .     SeeInvis .     a - +2 trident (venom)
rCold  . . .     Gourm    .     B - +1 leather armour {rF+}
rNeg   . . .     Faith    .     (no shield)
rPois  +         Spirit   .     z - +0 hat {Int+3}
rElec  .         Dismiss  .     (no cloak)
rCorr  .         Reflect  .     W - +2 pair of gloves of Ekhott {Int+4}
SustAt .         Harm     .     (no barding)
MR     .....                    (no amulet)
Stlth  +.........               I - ring of poison resistance
                                F - ring of wizardry

@: mildly poisoned (12 -> 12), very quick, not resistant to hostile
enchantments, very unstealthy
A: hooves 3, deformed body, speed 2, tough skin 3
a: Heroism, Finesse, Renounce Religion


You were on level 1 of the Lair of Beasts.
You worshipped Okawaru.
Okawaru was extremely pleased with you.
You were not hungry.

You visited 3 branches of the dungeon, and saw 10 of its levels.

You collected 466 gold pieces.

Inventory:

Hand Weapons
 a - a +2 trident of venom (weapon)
 b - a +0 shortbow
 g - a +0 whip
 P - a +7 blowgun
Missiles
 d - 22 arrows
 e - 8 curare-tipped needles
 q - 16 arrows of flame
 t - 6 javelins (quivered)
 v - 4 needles of paralysis
 y - 48 poisoned needles
 R - 6 poisoned arrows
 T - 10 arrows of frost
Armour
 z - a +0 hat of intelligence (worn)
 B - a +1 leather armour of fire resistance (worn)
 W - the +2 pair of gloves of Ekhott (worn) {Int+4}
   (You found it on level 7 of the Dungeon)

   It affects your intelligence (+4).
 Z - a +0 ring mail
Jewellery
 w - an uncursed amulet of rage
 F - a ring of wizardry (left hand)
 I - a ring of poison resistance (right hand)
Wands
 s - a wand of digging (6/24)
 O - a wand of acid (0/15)
 S - a wand of slowing (9/48)
 Y - a wand of polymorph (15/24)
Scrolls
 i - 2 scrolls of random uselessness
 j - a scroll of blinking
 m - 3 scrolls of identify
 n - 3 scrolls of immolation {unknown}
 o - 3 scrolls of fog {unknown}
 r - 4 scrolls of remove curse
 x - 2 scrolls of amnesia {unknown}
 E - 4 scrolls of enchant weapon
 K - 3 scrolls of fear
 M - a scroll of enchant armour {unknown}
 N - a scroll of recharging {unknown}
 Q - 2 scrolls of magic mapping {unknown}
 V - a scroll of noise {unknown}
 X - a scroll of teleportation {unknown}
Potions
 h - a potion of ambrosia {unknown}
 p - 3 potions of curing
 u - 3 potions of heal wounds {unknown}
 A - a potion of brilliance
 G - 2 potions of lignification {unknown}
 H - a potion of berserk rage {unknown}
 U - a potion of mutation {unknown}
Books
 c - a book of Debilitation

   Spells                             Type                      Level
   a - Corona                         Hexes                        1
   b - Slow                           Hexes                        2
   c - Gell's Gravitas                Hexes/Translocation          3
   d - Inner Flame                    Hexes/Fire                   3
   e - Cause Fear                     Hexes                        4
   f - Leda's Liquefaction            Hexes/Earth                  4
 D - the Catalogue of Feathers
   (You found it on level 6 of the Dungeon)

   Spells                             Type                      Level
   a - Swiftness                      Charms/Air                   2
   b - Mephitic Cloud                 Conjuration/Poison/Air       3
   c - Airstrike                      Air                          4
   d - Conjure Ball Lightning         Conjuration/Air              6
 J - a book of Minor Magic

   Spells                             Type                      Level
   a - Magic Dart                     Conjuration                  1
   b - Blink                          Translocation                2
   c - Call Imp                       Summoning                    2
   d - Repel Missiles                 Charms/Air                   2
   e - Slow                           Hexes                        2
   f - Conjure Flame                  Conjuration/Fire             3
   g - Mephitic Cloud                 Conjuration/Poison/Air       3
Comestibles
 f - 5 bread rations
 k - 5 meat rations
 l - 17 fruits
 C - a chunk of flesh
 L - 6 slices of pizza


   Skills:
 + Level 4.0 Fighting
 - Level 18.2 Bows
 + Level 2.7 Armour
 - Level 1.3 Dodging
 - Level 1.0 Spellcasting
 + Level 5.1 Hexes


You had 8 spell levels left.
You knew the following spells:

 Your Spells              Type           Power        Failure   Level  Hunger
a - Corona                Hex            ###....      1%          1    ##.....
b - Slow                  Hex            ###.....     2%          2    ###....


Dungeon Overview and Level Annotations

Branches:
Dungeon (8/15)             Temple (1/1) D:5            Lair (1/8) D:8

Altars:
Ashenzari
Cheibriados
Dithmenos
Fedhas
Gozag
Kikubaaqudgha
Makhleb
Nemelex Xobeh
Okawaru
Pakellas
Qazlal
Ru
Sif Muna
Trog
Vehumet
Xom
Yredelemnul
Zin

Shops:
D:7 (


Innate Abilities, Weirdness & Mutations

You have hooves in place of feet.
Armour fits poorly on your strangely shaped body.
You cover ground very quickly.
You have extremely tough skin (AC +3).


Message History

Aim: a black mamba (heavily wounded, slow)
You reach to attack!
You closely miss the black mamba.
The black mamba is heavily wounded.
The black mamba is no longer moving slowly.
The black mamba bites you!
You feel sick.
You feel sick.
The black mamba bites you but does no damage.
The black mamba bites you.
You feel sick. The black mamba completely misses you.
You feel sick. The black mamba bites you!
* * * LOW HITPOINT WARNING * * *
Read which item? (? for menu, Esc to quit)
Okay, then.
Quiver which item? (- for none, * to show all) (? for menu, Esc to quit)
Okay, then.
Are you sure you want to abandon this character and quit the game? (Confirm with "yes".)
Okay, then.
Are you sure you want to abandon this character and quit the game? (Confirm with "yes".)

.##...................#.##
.....................#..P#
###.................#..###
######[............##..#
.## #..........#####..#
..# ##....[....###P<.##
..## ##...###...###..##
...## ##### ###S....#.#
....# #####@....####
.....# ##.........##.#
###..# ##.............# #
### #..............#
##.........#...##
##........#....# #
#........#....# ### ####
##......##...## ..#
#.P#######...##P...#


You could see a black mamba.

Vanquished Creatures
  A hydra (D:8)
  Sonja (Lair:1)
  Pikel (D:5)
  Joseph (D:7)
  2 spiny frogs (Lair:1)
  A komodo dragon (D:8)
  A shadow (D:7)
  2 yaks
  3 water moccasins (Lair:1)
  2 slaves (D:5)
  3 ice beasts
  2 orc warriors
  4 sky beasts
  A necrophage (D:5)
  4 ogres
  A centaur (D:6)
  2 crocodiles (Lair:1)
  Blork the orc (D:4)
  5 big kobolds
  3 giant frogs
  A gnoll sergeant (D:6)
  2 scorpions
  7 wights
  8 howler monkeys
  A crimson imp (D:8)
  Crazy Yiuf (D:6)
  3 hounds
  A jelly (D:7)
  2 orc priests (D:7)
  2 iguanas
  5 orc wizards
  4 worker ants
  2 sheep (D:8)
  A hound zombie (D:5)
  A hound skeleton (D:7)
  13 gnolls
  5 adders
  10 river rats (Lair:1)
  A shadow imp (D:7)
  2 oozes
  An adder zombie (D:8)
  3 worms
  5 dart slugs
  7 giant geckos
  14 orcs
  2 ball pythons
  7 giant cockroaches
  10 goblins
  8 hobgoblins
  6 jackals (D:6)
  2 quokkas
  8 bats
  9 giant newts
  18 kobolds
  4 rats (D:1)
217 creatures vanquished.

Notes
Turn   | Place    | Note
--------------------------------------------------------------
     0 | D:1      | PierrePorte the Centaur Arcane Marksman began the quest for the Orb.
     0 | D:1      | Reached XP level 1. HP: 16/16 MP: 2/2
   139 | D:1      | Reached skill level 3 in Bows
   352 | D:1      | Reached XP level 2. HP: 8/23 MP: 3/3
   652 | D:1      | Reached skill level 4 in Bows
  1078 | D:1      | Reached XP level 3. HP: 23/28 MP: 4/4
  1192 | D:1      | Learned a level 2 spell: Slow
  1706 | D:2      | Reached skill level 5 in Bows
  1710 | D:2      | Found a faded altar to an unknown god.
  1856 | D:2      | Found a bloodstained altar of Trog.
  1861 | D:2      | Reached XP level 4. HP: 35/35 MP: 5/5
  2674 | D:3      | Reached skill level 6 in Bows
  3075 | D:3      | Reached XP level 5. HP: 40/40 MP: 6/6
  3081 | D:3      | Found a shattered altar of Ashenzari.
  3619 | D:4      | Noticed an ogre
  3644 | D:4      | Killed an ogre
  3644 | D:4      | Reached skill level 7 in Bows
  3977 | D:4      | Reached XP level 6. HP: 47/47 MP: 7/7
  4049 | D:4      | Reached skill level 8 in Bows
  4142 | D:4      | Noticed Blork the orc
  4167 | D:4      | Killed Blork the orc
  4429 | D:4      | Found a sacrificial altar of Ru.
  4737 | D:5      | Entered Level 5 of the Dungeon
  4863 | D:5      | Reached skill level 9 in Bows
  4963 | D:5      | Reached XP level 7. HP: 42/51 MP: 8/8
  5394 | D:5      | Reached skill level 10 in Bows
  5732 | D:5      | Found a staircase to the Ecumenical Temple.
  5917 | Temple   | Entered the Ecumenical Temple
  5970 | Temple   | Became a worshipper of Warmaster Okawaru
  6586 | D:5      | Reached skill level 11 in Bows
  7086 | D:5      | Noticed Pikel
  7222 | D:5      | Killed Pikel
  7222 | D:5      | Reached * piety under Okawaru
  7222 | D:5      | Reached skill level 12 in Bows
  7222 | D:5      | Reached XP level 8. HP: 38/58 MP: 9/9
  7514 | D:6      | Got a transparent war axe
  7628 | D:6      | Reached skill level 13 in Bows
  7638 | D:6      | Reached ** piety under Okawaru
  7937 | D:6      | Found a basalt altar of Yredelemnul.
  8000 | D:6      | Noticed Crazy Yiuf
  8069 | D:6      | Killed Crazy Yiuf
  8377 | D:6      | Reached skill level 14 in Bows
  8536 | D:6      | Identified the Catalogue of Feathers
  8634 | D:6      | Found a snail-covered altar of Cheibriados.
  8766 | D:7      | Noticed Joseph
  9135 | D:6      | Reached XP level 9. HP: 51/63 MP: 10/10
  9404 | D:6      | Reached *** piety under Okawaru
  9552 | D:7      | Got a pair of blackened gloves
  9573 | D:7      | Reached skill level 15 in Bows
  9674 | D:7      | Found Citogul's Antique Weapon Boutique.
  9946 | D:7      | Killed Joseph
  9946 | D:7      | Received a gift from Okawaru
  9946 | D:7      | Reached skill level 16 in Bows
 10331 | D:7      | Found an opulent altar of Gozag.
 10484 | D:7      | Reached **** piety under Okawaru
 10800 | D:8      | Upgraded the game from 0.18-a0-1497-g788d838 to 0.18-a0-1507-g69458e0
 10800 | D:8      | Upgraded the game from 0.18-a0-1507-g69458e0 to 0.18-a0-1526-gcb34c7c
 10805 | D:8      | Identified the +2 pair of gloves of Ekhott {Int+4} (You found it on level 7 of the Dungeon)
 10821 | D:8      | Received a gift from Okawaru
 10936 | D:8      | Reached skill level 17 in Bows
 11228 | D:7      | Reached XP level 10. HP: 41/70 MP: 5/11
 11654 | D:8      | Received a gift from Okawaru
 11722 | D:8      | Noticed a three-headed hydra
 11845 | D:8      | Killed a three-headed hydra
 11845 | D:8      | Reached skill level 18 in Bows
 12328 | D:8      | Found a staircase to the Lair.
 12518 | Lair:1   | Entered Level 1 of the Lair of Beasts
 12563 | D:8      | Received a gift from Okawaru
 12563 | D:8      | Reached skill level 1 in Armour
 12847 | Lair:1   | Noticed a spiny frog
 12957 | Lair:1   | Killed a spiny frog
 12957 | Lair:1   | Reached ***** piety under Okawaru
 13116 | Lair:1   | Upgraded the game from 0.18-a0-1526-gcb34c7c to 0.18-a0-1562-gac8da35
 13174 | Lair:1   | Noticed Sonja
 13204 | Lair:1   | Killed Sonja
 13633 | Lair:1   | Reached skill level 5 in Hexes
 13655 | Lair:1   | Noticed a spiny frog
 13712 | Lair:1   | Killed a spiny frog
 14449 | Lair:1   | Noticed a black mamba
 14557 | Lair:1   | Quit the game

Vault maps used:
D:1:      dpeg_arrival_houses_and_road, serial_forest,
          infiniplex_forest_lined_2, infiniplex_forest_end_2,
          infiniplex_forest_end_2, infiniplex_forest_lined_2
D:2:      lemuel_round_altar, ecumenical_altar_2
D:3:      nicolae_overflow_crystal_walls, minmay_bisected
D:4:      overflow_temple_1_default, first_bread, nicolae_zen_rock_garden,
          grunt_ministairs_14, uniq_blork_the_orc
D:5:      temple_green, uniq_pikel
D:6:      kennysheep_little_box, cheibriados_altar_wand_db,
          uniq_crazy_yiuf_cottage
D:7:      grunt_gozag_statues, serial_shops, shop, uniq_joseph
D:8:      lair_0_dummy, hangedman_ranch, hangedman_decor_clover_reticule,
          minmay_misc_feat_diagonals
Temple:   eino_temple_water_12
Lair:1:   uniq_sonja

Skill      XL: |  1  2  3  4  5  6  7  8  9 10 |
---------------+-------------------------------+-----
Bows           | 3 4 5 6 7 9 12 14 17 18 | 18.2
Hexes          | 3 5 |  5.1
Fighting       | 4 |  4.0
Armour         | 2 |  2.7
Dodging        | |  1.3
Spellcasting   | |  1.0

Action                   |  1- 3 |  4- 6 |  7- 9 | 10-12 || total
-------------------------+-------+-------+-------+-------++-------
Melee: Dagger            |    56 |    11 |       |       ||    67
       Whip              |    94 |   136 |    70 |       ||   300
       Scimitar          |       |       |    10 |       ||    10
       Shortbow          |       |       |     1 |       ||     1
       Trident           |       |       |   187 |    70 ||   257
 Fire: Shortbow          |    19 |    44 |   200 |   173 ||   436
       Blowgun           |       |    36 |    98 |    35 ||   169
Throw: Javelin           |       |     6 |       |     5 ||    11
 Cast: Slow              |       |       |    27 |    16 ||    43
Evoke: Wand              |       |       |     3 |       ||     3
  Use: Scroll            |     2 |     2 |     5 |       ||     9
       Potion            |       |     1 |     1 |       ||     2
  Eat: Chunk             |     2 |     8 |    14 |     2 ||    26
       Pizza             |       |       |     1 |       ||     1
       Beef jerky        |       |       |     1 |       ||     1
       Fruit             |       |       |     1 |     1 ||     2
       Meat ration       |       |       |       |     1 ||     1
       Bread ration      |       |       |       |     1 ||     1
